 Dungeon Crawl Stone Soup version 0.28.0-43-g3370ac3207 (webtiles) character file.

Game seed: 18156304945937359369

64 protoss039 the Firebug (level 3, -2/24 HPs)
             Began as a Demonspawn Fire Elementalist on Mar 28, 2022.
             Slain by a goblin
             ... wielding a +0 club
             ... led by Robin
              (5 damage)
             ... on level 2 of the Dungeon.
             The game lasted 00:01:53 (2109 turns).

protoss039 the Firebug (DsFE)                       Turns: 2109, Time: 00:01:53

Health: -2/24      AC:  2    Str:  8    XL:     3   Next: 91%
Magic:  6/6        EV: 12    Int: 18    God:
Gold:   94         SH:  0    Dex: 13    Spells: 1/7 levels left

rFire   . . .      SeeInvis .   c - +0 spear (freeze)
rCold   . . .      Faith    .   (no shield)
rNeg    . . .      Spirit   .   a - +0 robe
rPois   .          Reflect  .   (no helmet)
rElec   .          Harm     .   (no cloak)
rCorr   .          Rampage  .   (no gloves)
Will    .....                   (no boots)
Stlth   ++........              (no amulet)
HPRegen 0.08/turn               (no ring)
MPRegen 0.10/turn               (no ring)

@: no status effects
A: demonic guardian 1, weakness stinger 1
a: no special abilities


You were on level 2 of the Dungeon.
You visited 1 branch of the dungeon, and saw 3 of its levels.

You collected 94 gold pieces.

Inventory:

Hand Weapons
 c - a +0 spear of freezing (weapon)
 h - a +0 hand axe of flaming
Armour
 a - a +0 robe (worn)
Scrolls
 b - a scroll of silence {unknown}
 d - 2 scrolls of teleportation {unknown}
 e - a scroll of identify {unknown}
 i - a scroll of fog {unknown}
 k - a scroll of summoning {unknown}
Potions
 f - 2 potions of might {unknown}
 g - 2 potions of curing {unknown}
 j - a potion of brilliance {unknown}


   Skills:
 * Level 2.3 Dodging
 * Level 2.3 Stealth
 + Level 2.5 Spellcasting
 + Level 1.2 Conjurations
 + Level 3.3 Fire Magic


You had one spell level left.
You knew the following spells:

 Your Spells              Type           Power      Damage    Failure   Level
a - Foxfire               Conj/Fire      40%        2x1d6     7%          1
b - Scorch                Fire           28%        2d6       6%          2
c - Conjure Flame         Conj/Fire      10%        6-21      21%         3

Your spell library contained the following spells:

 Spells                   Type           Power      Damage    Failure   Level
 Inner Flame              Hex/Fire       8%         N/A       26%         3
 Flame Wave               Conj/Fire      10%        2d5       54%         4


Dungeon Overview and Level Annotations

Branches:
Dungeon (3/15)

Altars:

Annotations:
D:3 Robin


Innate Abilities, Weirdness & Mutations

A weak demonic guardian rushes to your aid.
You have a small tail.


Message History

Done exploring.
No target in view!
Search for what [Enter for "."]? .
Done exploring.
There is a stone staircase leading down here.
Okay, then.
Okay, then.
This spell is extremely dangerous to cast!
Memorise Conjure Flame, consuming 3 spell levels and leaving 1?
You start memorising the spell.
You continue memorising. x3
You finish memorising.
Spell assigned to 'c'.
You climb downwards.
There is a stone staircase leading up here.
Unknown command. 3 goblins come into view.
Robin shouts!
The goblin shouts! x3; The hobgoblin shouts!
The goblin shouts!
The hobgoblin shouts!
The goblin shouts! x2; You hear a shout! x2
Robin roars a battlecry!
The goblins go into a battle-frenzy!
Unknown command.
Unknown command.
Unknown command.
Unknown command.
The goblin hits you with a +0 club.
The goblin unwields a +0 club.
The goblin wields a +0 hunting sling.
The goblin shoots a stone.
The stone hits you. The goblin hits you with a +0 club.
Robin throws the goblin at you! The goblin hits you with a +0 club.
A demonic guardian appears!
There is a stone staircase leading up, spattered with blood here.
Unknown command.
Unknown command.
The goblin barely misses you. The goblin closely misses you.
Your shadow imp misses the goblin.
You climb upwards.
Your summoned ally is left behind.
There is a stone staircase leading down here.
Unknown command.
The goblin hits you with a +0 club.
* * * LOW HITPOINT WARNING * * *
A demonic guardian appears!
The goblin hits you with a +0 club.
You die...

##...............#
##...............#
###########......#
....<...# #.....##
........#######..#
........+........##
........##...#....#
........##.....5..#
........+....#.#@g#
........##.##...g>#
........##.##..####
..#............#
#.#........##..########
.<....................#
......#...####.##.#####
#....##...####.##.#
#..............##.#####


You could see 2 goblins and a friendly iron imp (summoned).

Vanquished Creatures
  Jessica (D:2)
  An adder (D:2)
  A worm (D:2)
  A dart slug (D:2)
  5 bats
  An endoplasm (D:2)
  2 goblins
  3 hobgoblins
  A kobold (D:2)
  3 ball pythons
  A rat (D:1)
20 creatures vanquished.

Vanquished Creatures (collateral kills)
  A hobgoblin (D:2)
1 creature vanquished.

Vanquished Creatures (others)
  81 foxfires
81 creatures vanquished.

Grand Total: 102 creatures vanquished

Notes
Turn   | Place    | Note
-------+----------+-------------------------------------------
     0 | D:1      | protoss039 the Demonspawn Fire Elementalist began the quest
                  | for the Orb.
     0 | D:1      | Reached XP level 1. HP: 13/13 MP: 3/3
   195 | D:1      | Reached skill level 3 in Fire Magic
   382 | D:1      | Gained mutation: A weak demonic guardian rushes to your
                  | aid. [demonic ancestry]
   382 | D:1      | Reached XP level 2. HP: 19/19 MP: 1/5
   889 | D:1      | Found a faded altar of an unknown god.
  1113 | D:2      | Learned a level 2 spell: Scorch
  1642 | D:2      | Gained mutation: You have a small tail. [demonic ancestry]
  1642 | D:2      | Reached XP level 3. HP: 23/24 MP: 6/6
  1861 | D:2      | Noticed Jessica
  1867 | D:2      | Killed Jessica
  2102 | D:2      | Learned a level 3 spell: Conjure Flame
  2103 | D:3      | Noticed Robin
  2109 | D:2      | Slain by a goblin

Illustrated notes

Levels and vault maps discovered:
D:1:      tarquinn_simple_flora_water_b, layout_loops_ring, serial_rivers,
          chequers_serial_rivers_micro_a, chequers_serial_rivers_micro_c,
          chequers_serial_rivers_micro_e, chequers_serial_rivers_marsh,
          chequers_serial_rivers_room_b, dilly_ecumenical_altar_fadedgnrine,
          st_stairs_3, hangedman_decor_peaks_small
D:2:      layout_basic, chequers_serial_rivers_marsh, uniq_jessica
D:3:      layout_loops_ring, nrook_campfire, uniq_robin, uniq_grinder

Skill      XL: |  1  2 |
---------------+-------+-----
Dodging        | 2 |  2.3
Fire Magic     | 3 |  3.3
Stealth        | 2 |  2.3
Spellcasting   | |  2.5
Conjurations   | |  1.2

Action                   || total
-------------------------++-------
Melee: Spear             ||    26
       Tailslap          ||     2
 Cast: Foxfire           ||    48
 Stab: Sleeping          ||     1
Armor: Robe              ||     2
Dodge: Dodged            ||    19
